 Dungeon Crawl Stone Soup version 0.32-a0-22-g6ae6769602 (webtiles) character file.

Game seed: 13552131900891341073

322 Heoruswealwe the Conjurer (level 6, -1/32 HPs)
             Began as a Deep Elf Conjurer on Jan 18, 2024.
             Slain by Sigmund
             ... wielding a +0 scythe
              (11 damage)
             ... on level 4 of the Dungeon.
             The game lasted 00:26:29 (2541 turns).

Heoruswealwe the Conjurer (Deep Elf Conjurer)       Turns: 2541, Time: 00:26:29

Health: -1/32      AC:  3    Str:  4    XL:     6   Next: 22%
Magic:  10/17      EV: 12    Int: 25    God:
Gold:   143        SH:  0    Dex: 13    Spells: 2/18 levels left

rFire   . . .        a - +0 long sword
rCold   . . .        (no shield)
rNeg    . . .        c - +0 robe
rPois   .            (no helmet)
rElec   .            (no cloak)
rCorr   .            (no gloves)
SInv    .            e - +0 pair of boots
Will    +....        i - amulet of magic regeneration
Stlth   ++           k - ring of willpower
HPRegen 0.25/turn    (no ring)
MPRegen 0.55/turn

%: no passive effects
@: lethally poisoned (-1 -> -4)
A: no striking features
a: no special abilities


You were on level 4 of the Dungeon.
You visited 1 branch of the dungeon, and saw 4 of its levels.

You collected 143 gold pieces.

Inventory:

Hand Weapons
 a - a +0 long sword (weapon)
 b - a +0 war axe
Armour
 c - a +0 robe (worn)
 e - a +0 pair of boots (worn)
Jewellery
 i - an amulet of magic regeneration (around neck)
 k - a ring of willpower (left hand)
Talismans
 l - a flux talisman
Wands
 o - a wand of mindburst (9)
Scrolls
 d - 2 scrolls of revelation {unknown}
 g - a scroll of vulnerability {unknown}
 h - 3 scrolls of amnesia {unknown}
 j - 3 scrolls of identify {unknown}
 m - 2 scrolls of immolation {unknown}
 q - a scroll of teleportation {unknown}
 s - a scroll of butterflies {unknown}
Potions
 f - 3 potions of curing {unknown}
 n - a potion of degeneration {unknown}
 p - 2 potions of magic
 r - a potion of attraction {unknown}


   Skills:
 - Level 2.4 Dodging
 - Level 2.4 Stealth
 + Level 6.5 Spellcasting
 + Level 6.6 Conjurations


You had 2 spell levels left.
You knew the following spells:

 Your Spells              Type           Power      Damage    Failure   Level
a - Magic Dart            Conj           100%       1d8       1%          1
b - Searing Ray           Conj           82%        2d7       1%          2
c - Fulminant Prism       Conj/Alch      12%        3d8       19%         4
d - Iskenderun's Mystic   Conj/Tloc      24%        2d7       19%         4
e - Iskenderun's Battles  Conj           41%        2d9       13%         5

Your spell library contained the following spells:

 Spells                   Type           Power      Damage    Failure   Level
 Bombard                  Conj/Erth      12%        9d3       95%         6
 Spellforged Servitor     Conj/Summ      12%        N/A       100%        7


Dungeon Overview and Level Annotations

Branches:
Dungeon (4/15)
 Temple: D:4-7

Altars:
Fedhas
Qazlal

Shops:
D:4 [

Annotations:
D:4 Sigmund


Message History

The ribbon worm is almost dead.
The ribbon worm bites you.
The searing ray hits the ribbon worm.
You kill the ribbon worm!
You finish channelling your searing ray.
Casting: Searing Ray (safe; 1% risk of failure)
Confirm with . or Enter, or press ? or * to list all spells.
Aiming: Searing Ray (safe; 1% risk of failure)
Press: ? - help, Shift-Dir - straight line, f - adder
Aim: an adder (70% to hit)
The searing ray hits the adder.
The adder is heavily wounded. (Press . to maintain the ray.)
Something hits you!
The searing ray misses the adder.
The searing ray hits something!
The adder bites you but does no damage. x2; Something hits you.
The searing ray hits the adder.
The adder is severely wounded.
The searing ray hits something.
The adder bites you.
You are poisoned.
The adder poisons you!
The searing ray hits the adder.
You kill the adder!
The searing ray hits something.
You finish channelling your searing ray.
You feel sick. Something hits you.
Casting: Searing Ray (safe; 1% risk of failure)
Confirm with . or Enter, or press ? or * to list all spells.
You can't see any susceptible monsters within range! (Use Z to cast anyway.)
Casting: Searing Ray (safe; 1% risk of failure)
Confirm with . or Enter, or press ? or * to list all spells.
You don't know that spell.
Casting: Searing Ray (safe; 1% risk of failure)
Confirm with . or Enter, or press ? or * to list all spells.
Aiming: Searing Ray (safe; 1% risk of failure)
Press: ? - help, Shift-Dir - straight line The searing ray hits something! (Press . to maintain the ray.)
You feel sick. Something hits you!
You die...

.# .# .# ..# ..## #..
#.# ..... #... #.#
#..... ... #.####......
.# ##.. #.#.@†{.....
.### ...###....#......
.##.. #..##..$†..#...<
.##..# #.#............ #
#...####...........!..
###.......>.......##....
##...##..........## .#..
.....##.......<..# # #
#...............##


There were no monsters in sight!

Vanquished Creatures
  A scorpion (D:4)
  3 hounds
  Jessica (D:2)
  2 orc wizards (D:4)
  2 adders
  2 ribbon worms (D:4)
  2 dart slugs
  4 orcs (D:4)
  5 endoplasms
  3 giant cockroaches
  5 goblins
  6 hobgoblins
  4 jackals (D:2)
  4 kobolds
  7 quokkas
  7 ball pythons
  5 bats
  4 frilled lizards
  6 rats
73 creatures vanquished.

Notes
Turn   | Place    | Note
-------+----------+-------------------------------------------
     0 | D:1      | Heoruswealwe the Deep Elf Conjurer began the quest for the
                  | Orb.
     0 | D:1      | Reached XP level 1. HP: 10/10 MP: 6/6
   118 | D:1      | Reached XP level 2. HP: 15/15 MP: 5/8
   121 | D:1      | Learned a level 2 spell: Searing Ray
  1201 | D:2      | Reached skill level 5 in Conjurations
  1201 | D:2      | Reached XP level 3. HP: 19/19 MP: 8/10
  1331 | D:2      | Noticed Jessica
  1337 | D:2      | Killed Jessica
  1338 | D:2      | Reached XP level 4. HP: 24/24 MP: 8/12
  1343 | D:2      | Learned a level 4 spell: Fulminant Prism
  1348 | D:2      | Learned a level 4 spell: Iskenderun's Mystic Blast
  1568 | D:3      | Found a faded altar of an unknown god.
  1816 | D:3      | Found a stormy altar of Qazlal.
  2031 | D:3      | Found a blossoming altar of Fedhas.
  2187 | D:4      | Found Zytu's Armour Emporium.
  2191 | D:4      | Reached skill level 5 in Spellcasting
  2200 | D:3      | Reached XP level 5. HP: 11/28 MP: 4/15
  2397 | D:4      | Learned a level 5 spell: Iskenderun's Battlesphere
  2500 | D:4      | Reached XP level 6. HP: 30/32 MP: 13/17
  2526 | D:4      | Noticed Sigmund
  2541 | D:4      | Slain by Sigmund

Illustrated notes

Levels and vault maps discovered:
D:1:      sevenhm_arrival_forest_fort_small_6, layout_basic, chequers_garden,
          corexii_corridor_pit, kennysheep_minor_cross
D:2:      layout_rooms, uniq_jessica
D:3:      layout_basic, lemuel_round_altar, mainiacjoe_overflow_cross_hatched,
          chequers_ecumenical_altar_island
D:4:      layout_rooms, serial_shops, shop, uniq_sigmund

Skill      XL: |  1  2  3  4  5 |
---------------+----------------+-----
Spellcasting   | 4 5 6 |  6.5
Conjurations   | 5 6 |  6.6
Dodging        | |  2.4
Stealth        | |  2.4

Action                     |  1- 3 |  4- 6 || total
---------------------------+-------+-------++-------
  Melee: Long sword        |       |     1 ||     1
   Cast: Magic Dart        |    66 |    50 ||   116
         Searing Ray       |       |    16 ||    16
 Armour: Robe              |     3 |    39 ||    42
  Dodge: Dodged            |     4 |    23 ||    27

Table legend: (Time is in decaauts)
 A = Elapsed time spent in this place.
 B = Non-inter-level travel time spent in this place.
 C = Inter-level travel time spent in this place.
 D = Time resting spent in this place.
 E = Time spent auto-exploring this place.
 F = Levels seen in this place.
 G = Mean time per level.
                   A        B        C        D        E       F      G
               +--------+--------+--------+--------+--------+-----+--------+
         Total |   2550 |   2379 |    171 |    128 |     46 |   4 |  637.5 |
       Dungeon |   2550 |   2379 |    171 |    128 |     46 |   4 |  637.5 |
               +--------+--------+--------+--------+--------+-----+--------+

Top non-repeatable levels by time:
     D:1: 1050 daAuts
     D:3: 800 daAuts
     D:2: 505 daAuts
     D:4: 194 daAuts
